 Dungeon Sprint DCSS version 0.29.1-4-g47bece8355 (webtiles) character file.

Game seed: 12031799724932880366

23514 boopmooplesden the Shatterer (level 12, -1/137 HPs)
             Began as a Minotaur Berserker on Dec 11, 2022.
             Was the Champion of Trog.
             Slain by an ice dragon (2 damage)
             ... in the Dungeon (Sprint IX: "|||||||||||||||||||||||||||||").
             The game lasted 00:07:09 (3478 turns).

boopmooplesden the Shatterer (Minotaur Berserker)   Turns: 3478, Time: 00:07:09

Health: -1/137     AC: 41    Str: 36    XL:     12   Next: 72%
Magic:  11/11      EV: 13    Int:  4    God:    Trog [******]
Gold:   801        SH:  5    Dex: 12    Spells: 11/11 levels left

rFire   . . .      SeeInvis .   z - +12 dire flail of Forgiveness {vorpal, Str+3 Dex+2}
rCold   . . .      Faith    .   (shield currently unavailable)
rNeg    . . .      Spirit   .   G - +15 Maxwell's patent armour {-Cast -Tele rElec Will+ rCorr}
rPois   +          Reflect  +   (helmet restricted)
rElec   +          Harm     .   x - +0 cloak
rCorr   +          Rampage  .   A - +1 pair of gloves of Gestures {rPois rCorr Slay-5}
Will    +....      NoTele   +   H - +1 pair of boots
Stlth   .......... NoCast   +   C - amulet of reflection
HPRegen 0.32/turn               D - ring of poison resistance
MPRegen 0.12/turn               E - +6 ring of strength

@: on berserk cooldown, slowed, very slow
A: horns 2, retaliatory headbutt
a: Renounce Religion, Berserk, Trog's Hand, Brothers in Arms


You were in the Dungeon.
You worshipped Trog.
Trog was exalted by your worship.
You visited 1 branch You collected 1775 gold pieces.
You spent 974 gold pieces at shops.

Inventory:

Hand Weapons
 a - a +0 mace
 k - a +2 vorpal dire flail
 p - a +3 triple sword of flaming
 t - a +2 great mace of flaming
 y - the +1 dire flail "Tess" {vorpal, rElec}
   (Trog gifted it to you in the Dungeon)

   It inflicts extra damage upon your enemies.
   rElec:     It insulates you from electricity.
 z - the +12 dire flail of Forgiveness (weapon) {vorpal, Str+3 Dex+2}
   (Trog gifted it to you in the Dungeon)

   It inflicts extra damage upon your enemies.
   Str:       It affects your strength (+3).
   Dex:       It affects your dexterity (+2).
Missiles
 b - 4 throwing nets (quivered)
Armour
 m - a +1 chain mail
 v - a +0 pair of gloves
 w - a +0 plate armour
 x - a +0 cloak (worn)
 A - the +1 pair of gloves of Gestures (worn) {rPois rCorr Slay-5}
   (You bought it in a shop in the Dungeon)

   Slay:      It affects your accuracy & damage with ranged weapons and melee
   (-5).
   rPois:     It protects you from poison.
   rCorr:     It protects you from acid and corrosion.
 G - the +15 Maxwell's patent armour (worn) {-Cast -Tele rElec Will+ rCorr}
   (You found it in the Dungeon)

   rElec:     It insulates you from electricity.
   -Cast:     It prevents spellcasting.
   -Tele:     It prevents most forms of teleportation.
   rCorr:     It protects you from acid and corrosion.
   Will:      It increases your willpower.
 H - a +1 pair of boots (worn)
Jewellery
 n - a +3 ring of strength
 o - a +3 ring of strength
 B - the ring "Irarouma" {Ice rElec rN+}
   (You bought it in a shop in the Dungeon)

   [ring of ice]

   It enhances your ice magic.
   rF:        It makes you vulnerable to fire.
   rC:        It protects you from cold.
   rElec:     It insulates you from electricity.
   rN:        It protects you from negative energy.
 C - an amulet of reflection (around neck)
 D - a ring of poison resistance (left hand)
 E - a +6 ring of strength (right hand)
 F - a ring of fire
Wands
 j - a wand of quicksilver (10)
 l - a wand of roots (6)
Scrolls
 h - 6 scrolls of blinking
 r - 2 scrolls of identify
 s - 3 scrolls of fog
 I - a scroll of fear
Potions
 c - 6 potions of curing
 d - 5 potions of heal wounds
 e - 2 potions of haste
 f - 4 potions of magic
 g - 3 potions of berserk rage
 i - 2 potions of invisibility
 q - 2 potions of might
 u - 2 potions of resistance


   Skills:
 + Level 21.8 Fighting
 + Level 23.8 Maces & Flails
 + Level 18.8 Armour
 + Level 11.3 Dodging
 + Level 4.8 Stealth
 + Level 1.7 Shields


You had 11 spell levels left.
You didn't know any spells.
Your spell library was empty.

Dungeon Overview and Level Annotations

Branches:
Dungeon (1/1)

Altars:
Cheibriados
Dithmenos
Elyvilon
Fedhas
Gozag
Hepliaklqana
Kikubaaqudgha
Makhleb
Nemelex Xobeh
Okawaru
Qazlal
Ru
Sif Muna
Trog
Uskayaw
Vehumet
Wu Jian
Xom
Yredelemnul
Zin
The Shining One
Jiyva
Lugonu

Shops:
D [==!


Innate Abilities, Weirdness & Mutations

You have a pair of horns on your head.
You reflexively headbutt those who attack you in melee.


Message History

Trog accepts your kill.
You skewer the flayed ghost like a kebab!!!
Your headbutt misses the flayed ghost.
The flayed ghost is almost destroyed.
You impale the flayed ghost!!
You destroy the flayed ghost!
Trog accepts your kill. Trog grants you a weapon!
Something appears at your feet!
You see here a +1 vorpal dire flail.
The terrible wounds on your body vanish.
The stone giant throws a large rock.
The large rock closely misses you. The stone giant barely misses you.
Items here: )))) [[[ †††.
You bludgeon the stone giant!! You headbutt the stone giant.
The stone giant is moderately wounded.
The stone giant hits you.
You spit the stone giant like a pig!!!
You kill the stone giant!
Trog accepts your kill.
You perforate the ettin like a sieve!!!
The ettin is almost dead.
The ettin hits you with a +0 dire flail!!
The ettin barely misses you.
You barely miss the ettin.
The ettin is almost dead.
You puncture the ettin!
You kill the ettin!
Trog accepts your kill. The ice dragon breathes frost at you.
The blast of cold hits you!!!
* * * LOW HITPOINT WARNING * * *
The ice dragon closely misses you.
The ice dragon claws you but does no damage.
The ice dragon tramples you!
* * * LOW HITPOINT WARNING * * *
You stumble backwards!
The ice dragon bites you but does no damage.
The ice dragon claws you but does no damage.
The ice dragon tramples you.
You die...

▓.▓.▓)▓.▓'▓.▓'▓
▓'▓.▓)▓.▓†▓.▓.▓
▓)▓.▓)▓.▓†▓.▓?▓
▓)▓.▓)▓.▓)▓.▓)▓
▓)▓.▓)▓.▓.▓.▓.▓
▓)▓.▓∩▓.▓.▓.▓[▓
▓(▓.▓)▓.▓.▓.▓.▓
▓)▓.▓∩▓.▓.▓.▓.▓
▓@▓.▓)▓.▓.▓.▓.▓
▓D▓.▓∩▓.▓.▓.▓.▓
▓.▓.▓)▓.▓[▓.▓÷▓
▓.▓.▓∩▓.▓(▓.▓)▓
▓.▓.▓.▓.▓.▓.▓.▓
▓.▓.▓.▓.▓'▓.▓.▓
▓.▓.▓.▓.▓.▓.▓.▓
▓.▓.▓.▓.▓.▓.▓.▓
▓.▓.▓.▓.▓[▓.▓.▓


You could see an ice dragon (catching breath).

Vanquished Creatures
  A very ugly thing (D)
  2 stone giants (D)
  2 ettins (D)
  Josephine (D)
  Harold (D)
  2 hydras (D)
  2 ogre magi (D)
  2 centaur warriors (D)
  A two-headed ogre (D)
  A death knight (D)
  A tengu warrior (D)
  A flayed ghost (D)
  3 orc knights (D)
  8 orc sorcerers (D)
  A deep elf pyromancer (D)
  2 black mambas (D)
  3 cane toads (D)
  A komodo dragon (D)
  2 kobold demonologists (D)
  A rime drake (shapeshifter) (D)
  A yaktaur (D)
  A hornet (D)
  2 tyrant leeches (D)
  2 trolls (D)
  4 blink frogs (D)
  A vampire (D)
  A shadow (D)
  A wyvern (D)
  5 yaks (D)
  Eustachio (D)
  4 wraiths (D)
  A vampire mosquito (D)
  An acid dragon (D)
  3 water moccasins (D)
  2 orc warriors (D)
  An ogre (D)
  A phantom (D)
  3 bullfrogs (D)
  2 orc priests (D)
  10 orc wizards (D)
  An adder (D)
  An ufetubus (D)
  7 orcs (D)
  A ball python (D)
  4 endoplasms (D)
99 creatures vanquished.

Vanquished Creatures (collateral kills)
  5 orc warriors (D)
  An orc (D)
6 creatures vanquished.

Vanquished Creatures (others)
  An orc warrior (D)
1 creature vanquished.

Grand Total: 106 creatures vanquished

Notes
Turn   | Place    | Note
-------+----------+-------------------------------------------
     0 | D        | boopmooplesden the Minotaur Berserker began the quest for
                  | the Orb.
     0 | D        | Reached XP level 1. HP: 19/19 MP: 0/0
     7 | D        | Reached skill level 4 in Maces & Flails
     7 | D        | Reached ** piety under Trog
   262 | D        | Noticed an ogre
   262 | D        | Noticed a phantom
   264 | D        | Reached skill level 5 in Maces & Flails
   264 | D        | Reached XP level 2. HP: 28/28 MP: 1/1
   266 | D        | Reached *** piety under Trog
   267 | D        | Reached skill level 5 in Fighting
   270 | D        | Killed an ogre
   271 | D        | Reached skill level 7 in Maces & Flails
   271 | D        | Reached skill level 1 in Stealth
   271 | D        | Reached XP level 3. HP: 39/39 MP: 2/2
   271 | D        | Reached XP level 4. HP: 47/47 MP: 3/3
   277 | D        | Killed a phantom
   278 | D        | Reached skill level 9 in Maces & Flails
   278 | D        | Reached skill level 5 in Dodging
   278 | D        | Reached XP level 5. HP: 53/53 MP: 4/4
   283 | D        | Found a snail-covered altar of Cheibriados.
   283 | D        | Found a shadowy altar of Dithmenos.
   283 | D        | Found a white marble altar of Elyvilon.
   283 | D        | Found a blossoming altar of Fedhas.
   283 | D        | Found an opulent altar of Gozag.
   284 | D        | Found a hazy altar of Hepliaklqana.
   285 | D        | Found a viscous altar of Jiyva.
   286 | D        | Found an ancient bone altar of Kikubaaqudgha.
   287 | D        | Found a corrupted altar of Lugonu.
   288 | D        | Found a burning altar of Makhleb.
   289 | D        | Found a sparkling altar of Nemelex Xobeh.
   290 | D        | Found an iron altar of Okawaru.
   291 | D        | Found a stormy altar of Qazlal.
   292 | D        | Found a sacrificial altar of Ru.
   293 | D        | Found a shimmering blue altar of Sif Muna.
   294 | D        | Found a bloodstained altar of Trog.
   295 | D        | Found a hide-covered altar of Uskayaw.
   296 | D        | Found a radiant altar of Vehumet.
   297 | D        | Found an ornate altar of the Wu Jian Council.
   298 | D        | Found a shimmering altar of Xom.
   299 | D        | Found a basalt altar of Yredelemnul.
   300 | D        | Found a glowing silver altar of Zin.
   301 | D        | Found a glowing golden altar of the Shining One.
   447 | D        | Noticed a vampire
   447 | D        | Noticed a yak
   447 | D        | Noticed a hornet
   447 | D        | Noticed a shadow
   447 | D        | Noticed a kobold demonologist
   447 | D        | Noticed a two-headed ogre
   450 | D        | Killed a vampire
   450 | D        | Reached **** piety under Trog
   451 | D        | Reached skill level 11 in Maces & Flails
   451 | D        | Reached XP level 6. HP: 64/64 MP: 5/5
   452 | D        | Killed a yak
   453 | D        | Reached skill level 10 in Fighting
   453 | D        | Reached skill level 12 in Maces & Flails
   453 | D        | Reached skill level 5 in Armour
   455 | D        | Killed a hornet
   456 | D        | Reached skill level 13 in Maces & Flails
   456 | D        | Reached XP level 7. HP: 74/74 MP: 6/6
   460 | D        | Killed a shadow
   460 | D        | Reached ***** piety under Trog
   461 | D        | Noticed a smoke demon
   464 | D        | Killed a kobold demonologist
   465 | D        | Reached skill level 14 in Maces & Flails
   465 | D        | Reached XP level 8. HP: 70/83 MP: 7/7
   468 | D        | Killed a two-headed ogre
   469 | D        | Reached skill level 16 in Maces & Flails
   825 | D        | Noticed a troll
   825 | D        | Noticed a troll
   825 | D        | Noticed a centaur warrior
   825 | D        | Noticed a kobold demonologist
   827 | D        | Killed a troll
   829 | D        | Noticed a rust devil
   831 | D        | Killed a troll
   832 | D        | Reached XP level 9. HP: 94/94 MP: 8/8
   836 | D        | Killed a centaur warrior
   836 | D        | Received a gift from Trog
   837 | D        | Reached skill level 17 in Maces & Flails
   846 | D        | Killed a kobold demonologist
   847 | D        | Reached skill level 18 in Maces & Flails
  1022 | D        | Noticed an eight-headed hydra
  1022 | D        | Noticed a black mamba
  1022 | D        | Noticed a komodo dragon
  1026 | D        | Killed an eight-headed hydra
  1027 | D        | Reached skill level 15 in Fighting
  1029 | D        | Reached XP level 10. HP: 106/106 MP: 9/9
  1031 | D        | Received a gift from Trog
  1035 | D        | Killed a black mamba
  1036 | D        | Reached skill level 19 in Maces & Flails
  1044 | D        | Reached skill level 10 in Dodging
  1049 | D        | Reached ****** piety under Trog
  1193 | D        | Noticed a black mamba
  1193 | D        | Noticed a seven-headed hydra
  1200 | D        | Noticed a cane toad
  1208 | D        | Killed a seven-headed hydra
  1209 | D        | Reached skill level 20 in Maces & Flails
  1212 | D        | Killed a black mamba
  1213 | D        | Reached skill level 10 in Armour
  1220 | D        | Killed a cane toad
  1516 | D        | Noticed a cane toad
  1516 | D        | Noticed a cane toad
  1527 | D        | Killed a cane toad
  1528 | D        | Killed a cane toad
  1537 | D        | Reached XP level 11. HP: 117/117 MP: 10/10
  1546 | D        | Reached skill level 21 in Maces & Flails
  1550 | D        | Received a gift from Trog
  1628 | D        | Noticed Harold
  1640 | D        | Killed Harold
  1887 | D        | Received a gift from Trog
  1907 | D        | Received a gift from Trog
  2186 | D        | Noticed an orc knight
  2186 | D        | Noticed an orc sorcerer
  2186 | D        | Noticed an orc knight
  2188 | D        | Noticed an orc knight
  2195 | D        | Killed an orc knight
  2198 | D        | Killed an orc sorcerer
  2202 | D        | Killed an orc knight
  2204 | D        | Noticed an orc sorcerer
  2207 | D        | Killed an orc knight
  2210 | D        | Received a gift from Trog
  2215 | D        | Killed an orc sorcerer
  2701 | D        | Found Liecvics's Antique Armour Emporium.
  2701 | D        | Noticed an orc sorcerer
  2702 | D        | Noticed an orc sorcerer
  2703 | D        | Received a gift from Trog
  2707 | D        | Found Ovoh's Jewellery Shoppe.
  2707 | D        | Noticed an orc sorcerer
  2708 | D        | Killed an orc sorcerer
  2709 | D        | Reached skill level 15 in Armour
  2710 | D        | Found Mubbuessorch's Jewellery Emporium.
  2711 | D        | Killed an orc sorcerer
  2711 | D        | Received a gift from Trog
  2714 | D        | Found Zoosyur's Distillery.
  2717 | D        | Killed an orc sorcerer
  2718 | D        | Reached skill level 22 in Maces & Flails
  2720 | D        | Noticed an orc sorcerer
  2722 | D        | Noticed an orc sorcerer
  2724 | D        | Noticed an orc sorcerer
  2725 | D        | Killed an orc sorcerer
  2729 | D        | Killed an orc sorcerer
  2729 | D        | Identified the +12 dire flail of Forgiveness {vorpal, Str+3
                  | Dex+2} (Trog gifted it to you in the Dungeon)
  2729 | D        | Received a gift from Trog
  2734 | D        | Killed an orc sorcerer
  2739 | D        | Identified the +1 dire flail "Tess" {vorpal, rElec} (Trog
                  | gifted it to you in the Dungeon)
  2739 | D        | Received a gift from Trog
  2759 | D        | Bought a pair of jewelled gloves for 152 gold pieces
  2759 | D        | Identified the +1 pair of gloves of Gestures {rPois rCorr
                  | Slay-5} (You bought it in a shop in the Dungeon)
  2767 | D        | Bought the ring "Irarouma" {Ice rElec rN+} for 432 gold
                  | pieces
  2781 | D        | Bought an amulet of reflection for 390 gold pieces
  3046 | D        | Noticed Eustachio
  3053 | D        | Killed Eustachio
  3066 | D        | Noticed Josephine
  3075 | D        | Killed Josephine
  3076 | D        | Reached XP level 12. HP: 87/133 MP: 11/11
  3084 | D        | Received a gift from Trog
  3370 | D        | Found the +15 Maxwell's patent armour {-Cast -Tele rElec
                  | Will+ rCorr}
  3417 | D        | Noticed a centaur warrior
  3417 | D        | Noticed an ogre mage
  3417 | D        | Noticed a death knight
  3417 | D        | Noticed an ogre mage
  3420 | D        | Noticed a stone giant
  3423 | D        | Killed a centaur warrior
  3426 | D        | Killed an ogre mage
  3427 | D        | Noticed a tengu warrior
  3430 | D        | Noticed an ettin
  3433 | D        | Noticed a cyan very ugly thing
  3436 | D        | Killed a stone giant
  3440 | D        | Killed a death knight
  3441 | D        | Reached skill level 23 in Maces & Flails
  3441 | D        | Noticed a stone giant
  3443 | D        | Killed an ogre mage
  3443 | D        | Received a gift from Trog
  3456 | D        | Killed a cyan very ugly thing
  3457 | D        | Noticed an ettin
  3462 | D        | Killed a tengu warrior
  3462 | D        | Noticed an ice dragon
  3463 | D        | Reached skill level 1 in Shields
  3469 | D        | Killed an ettin
  3471 | D        | Received a gift from Trog
  3474 | D        | Killed a stone giant
  3477 | D        | Killed an ettin
  3478 | D        | HP: 1/137 [ice dragon (8)]
  3478 | D        | Slain by an ice dragon

Illustrated notes

Levels and vault maps discovered:
D:        linesprint [early_d, line_temple, items_1, d_10, items_2, lair_1,
          lair_end, items_3, orc_1, orc_end, items_4, d_15, swamp_1, shoals_1,
          snake_1, spider_1, d_20, vaults_1, items_5, swamp_end, shoals_end,
          snake_end, spider_end, vaults_end, d_27, items_6, zot_1, zot_end,
          crypt_end, forest_end, elf_end, slime_end, tomb_end, abyss_end,
          pan_hell_end]

Skill      XL: |  1  2  3  4  5  6  7  8  9 10 11 12 |
---------------+-------------------------------------+-----
Fighting       | 4 7 8 9 11 12 13 15 17 20 21 | 21.8
Maces & Flails | 5 7 9 11 13 14 16 18 20 22 23 | 23.8
Armour         | 4 5 6 7 11 16 18 | 18.8
Dodging        | 4 5 6 7 8 9 10 11 | 11.3
Stealth        | 1 2 3 4 |  4.8
Shields        | 1 |  1.7

Action                   |  1- 3 |  4- 6 |  7- 9 | 10-12 || total
-------------------------+-------+-------+-------+-------++-------
Melee: Mace              |    14 |     6 |       |       ||    20
       Headbutt          |     2 |     3 |     8 |    40 ||    53
       Dire flail        |       |     8 |    36 |   174 ||   218
       Great mace        |       |       |       |    44 ||    44
Invok: Berserk           |     1 |     1 |     2 |     6 ||    10
       Brothers in Arms  |       |       |       |     2 ||     2
       Trog's Hand       |       |       |       |     1 ||     1
  Use: Potion            |       |       |       |     3 ||     3
 Stab: Sleeping          |     1 |       |       |       ||     1
Armor: Animal skin       |       |     1 |       |       ||     1
       Chain mail        |       |     1 |     6 |    28 ||    35
       Plate armour      |       |       |       |    40 ||    40
Dodge: Dodged            |     8 |     3 |    11 |    63 ||    85
Block: Other             |       |       |       |     7 ||     7
